 Dungeon Crawl Stone Soup version 0.30-a0-778-g2ef04afb54 (webtiles) character file.

Game seed: 749151623391335712

653 xian the Chopper (level 7, 0/112 HPs)
             Began as an Ogre Berserker on Feb 16, 2023.
             Was a Believer of Trog.
             Succumbed to a scorpion's poison
             ... on level 4 of the Dungeon.
             The game lasted 00:06:18 (3033 turns).

xian the Chopper (Ogre Berserker)                   Turns: 3033, Time: 00:06:18

Health: 0/112      AC:  5    Str: 24    XL:     7   Next: 54%
Magic:  7/7        EV: 10    Int:  8    God:    Trog [**....]
Gold:   243        SH:  0    Dex:  8    Spells: 6/6 levels left

rFire   . . .      SeeInvis .    v - +0 giant spiked club
rCold   + . .      Faith    .    (shield currently unavailable)
rNeg    . . .      Spirit   .    b - +0 animal skin
rPois   .          Reflect  .    l - +2 hat
rElec   .          Harm     .    (no cloak)
rCorr   .          Rampage  .    (gloves unavailable)
Will    .....                    (boots unavailable) Stlth
                                 (no amulet)
HPRegen 0.38/turn                n - ring of protection from cold
MPRegen 0.10/turn                (no ring)

@: berserking, lethally poisoned (0 -> -6), very quick
A: large, unfitting armour, tough skin 1
a: Renounce Religion, Berserk, Trog's Hand


You were on level 4 of the Dungeon.
You worshipped Trog.
Trog was pleased with you.
You visited 1 branch of the dungeon, and saw 4 of its levels.

You collected 243 gold pieces.

Inventory:

Hand Weapons
 a - a +0 hand axe
 v - a +0 giant spiked club (weapon)
Missiles
 h - 4 poisoned darts (quivered)
 t - 4 stones
Armour
 b - a +0 animal skin (worn)
 l - a +2 hat (worn)
Magical Staves
 d - a staff of air
Jewellery
 j - a ring of wizardry
 n - a ring of protection from cold (left hand)
Wands
 k - a wand of quicksilver (6)
Scrolls
 e - 4 scrolls of teleportation
 i - a scroll of noise {unknown}
 m - a scroll of enchant weapon {unknown}
 o - a scroll of silence {unknown}
 p - a scroll of blinking {unknown}
 q - a scroll of identify {unknown}
 r - 2 scrolls of summoning {unknown}
Potions
 c - a potion of attraction {unknown}
 f - 2 potions of ambrosia {unknown}
 g - a potion of haste {unknown}
 s - a potion of magic {unknown}
 u - a potion of cancellation {unknown}


   Skills:
 + Level 6.1 Fighting
 + Level 6.2 Axes
 + Level 0.1(3.4) Maces & Flails
 + Level 1.0 Throwing
 + Level 4.4 Dodging
 + Level 1.2 Stealth


You had 6 spell levels left.
You didn't know any spells.
Your spell library was empty.

Dungeon Overview and Level Annotations

Branches:
Dungeon (4/15)
 Temple: D:4-7

Altars:


Innate Abilities, Weirdness & Mutations

You are too large for most types of armour.
You have tough skin. (AC +1)


Message History

The scorpion barely misses you. The kobold hits you but does no damage.
You closely miss the scorpion.
The scorpion is heavily wounded.
You feel very sick. The scorpion closely misses you.
The kobold hits you but does no damage. The scorpion stings you.
* * * LOW HITPOINT WARNING * * *
You are lethally poisoned!
The scorpion poisons you!
You closely miss the scorpion.
The scorpion is heavily wounded.
* * * LOW HITPOINT WARNING * * *
You feel extremely sick. The kobold hits you but does no damage.
The scorpion stings you.
* * * LOW HITPOINT WARNING * * *
The kobold hits you with a +0 dagger.
* * * LOW HITPOINT WARNING * * *
The scorpion closely misses you.
Unknown command.
A red film seems to cover your vision as you go berserk!
You feel yourself moving faster!
You feel mighty!
* * * LOW HITPOINT WARNING * * *
You feel very sick. The scorpion stings you.
* * * LOW HITPOINT WARNING * * *
The kobold hits you but does no damage.
You are too berserk!
You bludgeon the scorpion!!
You kill the scorpion!
Trog accepts your kill.
* * * LOW HITPOINT WARNING * * *
You feel very sick. The kobold hits you with a +0 dagger.
* * * LOW HITPOINT WARNING * * *
Your Throwing skill increases to level 1!
* * * LOW HITPOINT WARNING * * *
You feel sick. The kobold barely misses you.
You see here a scorpion corpse.
You barely miss the kobold.
You die...

## ## #. .h #. . . #.
.# ####.#####.##.#
........K.....#
#..@.....### ### ##
######..#######.###.##
#. #.......###
#.##...###.
#.####....#
#.#.....##. ##.#.#
#........#. #.#.#
#.......... ..#.#
####.......#. ####.#
#.........##. #.#
#.####...###.


You could see a kobold.

Vanquished Creatures
  Grinder (D:4)
  A black bear (D:4)
  An ogre (D:4)
  A scorpion (D:4)
  A hound (D:4)
  An iguana (D:4)
  An orc wizard (D:4)
  3 gnolls (D:3)
  3 adders
  2 worms (D:4)
  A dart slug (D:3)
  4 orcs
  4 bats
  8 endoplasms
  2 giant cockroaches
  6 goblins
  8 hobgoblins
  4 jackals (D:1)
  5 kobolds
  3 quokkas
  5 ball pythons
  12 frilled lizards
  5 rats
82 creatures vanquished.

Vanquished Creatures (others)
  6 fungi (D:4)
6 creatures vanquished.

Grand Total: 88 creatures vanquished

Notes
Turn   | Place    | Note
-------+----------+-------------------------------------------
     0 | D:1      | xian the Ogre Berserker began the quest for the Orb.
     0 | D:1      | Reached XP level 1. HP: 24/24 MP: 1/1
   197 | D:1      | HP: 1/24 [quokka (3)]
   346 | D:1      | Reached XP level 2. HP: 30/32 MP: 2/2
   875 | D:1      | Reached XP level 3. HP: 40/40 MP: 3/3
  1331 | D:2      | Reached ** piety under Trog
  1647 | D:2      | Reached XP level 4. HP: 44/49 MP: 4/4
  2050 | D:3      | Reached XP level 5. HP: 49/55 MP: 5/5
  2062 | D:3      | Reached skill level 5 in Fighting
  2420 | D:4      | Noticed Grinder
  2425 | D:4      | Paralysed by Grinder for 5 turns
  2431 | D:4      | Killed Grinder
  2432 | D:4      | Reached skill level 5 in Axes
  2432 | D:4      | Reached skill level 1 in Stealth
  2432 | D:4      | Reached XP level 6. HP: 48/66 MP: 6/6
  2586 | D:4      | Noticed a black bear
  2596 | D:4      | Killed a black bear
  2597 | D:4      | Reached XP level 7. HP: 74/74 MP: 7/7
  3031 | D:4      | HP: 4/112 [poisoned by a scorpion]
  3032 | D:4      | Reached skill level 1 in Throwing
  3033 | D:4      | Succumbed to a scorpion's poison

Illustrated notes

Levels and vault maps discovered:
D:1:      dpeg_arrival_lava_altar, layout_basic
D:2:      layout_basic, minmay_lizard_pond
D:3:      layout_rooms, wander_ebering_terrifying_dragon_lair
D:4:      layout_loops_ring, dreamdust_gnoll_farm, uniq_crazy_yiuf_cottage,
          uniq_grinder

Skill      XL: |  1  2  3  4  5  6  7 |
---------------+----------------------+-----
Dodging        | 3 4 |  4.4
Axes           | 4 5 6 |  6.2
Fighting       | 5 6 |  6.1
Stealth        | 1 |  1.2
Throwing       | 1 |  1.0
Maces & Flails | |  0.1

Action                     |  1- 3 |  4- 6 |  7- 9 || total
---------------------------+-------+-------+-------++-------
  Melee: Hand axe          |   128 |    77 |    39 ||   244
         Punch             |     2 |       |     1 ||     3
         Giant spiked club |       |       |     9 ||     9
  Throw: Stone             |    21 |     4 |     1 ||    26
         Dart              |       |       |     4 ||     4
 Invoke: Berserk           |     3 |     4 |     2 ||     9
    Use: Scroll            |       |     1 |       ||     1
   Stab: Sleeping          |       |     1 |     1 ||     2
 Armour: Animal skin       |    64 |    25 |    18 ||   107
  Dodge: Dodged            |    93 |    51 |    25 ||   169

Table legend: (Time is in decaauts)
 A = Elapsed time spent in this place.
 B = Non-inter-level travel time spent in this place.
 C = Inter-level travel time spent in this place.
 D = Time resting spent in this place.
 E = Time spent auto-exploring this place.
 F = Levels seen in this place.
 G = Mean time per level.
                   A        B        C        D        E       F      G
               +--------+--------+--------+--------+--------+-----+--------+
         Total |   3141 |   3053 |     88 |     78 |   2176 |   4 |  785.2 |
       Dungeon |   3141 |   3053 |     88 |     78 |   2176 |   4 |  785.2 |
               +--------+--------+--------+--------+--------+-----+--------+

Top non-repeatable levels by time:
     D:1: 1165 daAuts
     D:2: 716 daAuts
     D:4: 646 daAuts
     D:3: 612 daAuts
